 Dungeon Crawl Stone Soup version 0.30.1-4-g462c640d31 (webtiles) character file.

Game seed: 7190414826692462124

20 Xaerxx the Cutter (level 3, -2/34 HPs)
             Began as a Kobold Berserker on Aug 25, 2023.
             Was a Follower of Trog.
             Killed from afar by an orc wizard (14 damage)
             ... with a puff of flame
             ... on level 3 of the Dungeon.
             The game lasted 00:05:32 (319 turns).

Xaerxx the Cutter (Kobold Berserker)                 Turns: 319, Time: 00:05:33

Health: -2/34      AC:  2    Str: 16    XL:     3   Next: 0%
Magic:  3/3        EV: 14    Int:  8    God:    Trog [*.....]
Gold:   33         SH:  0    Dex: 14    Spells: 2/2 levels left

rFire   . . .        e - +4 whip
rCold   . . .        (no shield)
rNeg    . . .        b - +0 animal skin
rPois   .            (no helmet)
rElec   .            (no cloak)
rCorr   .            (no gloves)
SInv    .            (no boots)
Will    .....        (no amulet) Stlth
                     (no ring)
HPRegen 0.25/turn    (no ring)
MPRegen 0.08/turn

%: no passive effects
@: berserking, very quick
A: small, no large weapons, nightstalker 3
a: Renounce Religion, Berserk


You were on level 3 of the Dungeon.
You worshipped Trog.
Trog was aware of your devotion.
You visited 1 branch of the dungeon, and saw 3 of its levels.

You collected 33 gold pieces.

Inventory:

Hand Weapons
 a - a +0 short sword
 d - a +0 sling
 e - a +4 whip (weapon)
Armour
 b - a +0 animal skin (worn)
Scrolls
 c - a scroll of enchant armour {unknown}
 f - a scroll of identify {unknown}


   Skills:
 + Level 3.6 Fighting
 + Level 4.7 Short Blades
 + Level 1.8 Armour
 + Level 2.5 Dodging


You had 2 spell levels left.
You didn't know any spells.
Your spell library contained the following spells:

 Spells                   Type           Power      Damage    Failure   Level
 Necrotise                Necr           0%         1d4       41%         1
 Dazzling Flash           Conj/Hex       0%         N/A       78%         3
 Summon Guardian Golem    Hex/Summ       0%         N/A       78%         3
 Vampiric Draining        Necr           0%         2d6       78%         3
 Agony                    Necr           0%         N/A       100%        5
 Silence                  Hex/Air        0%         N/A       100%        5
 Orb of Destruction       Conj           0%         9d5       100%        7
 Spellforged Servitor     Conj/Summ      0%         N/A       100%        7


Dungeon Overview and Level Annotations

Branches:
Dungeon (3/15)

Altars:

Annotations:
D:2 Sigmund
D:3 Jessica


Innate Abilities, Weirdness & Mutations

You are small and have problems with some larger weapons.
You are completely attuned to the shadows.


Message History

You feel less confused. The jackal barely misses you.
There is a stone staircase leading down here.
The jackal bites you. x2; Sigmund closely misses you.
You climb downwards.
There is a stone staircase leading up here.
A red film seems to cover your vision as you go berserk!
You feel yourself moving faster!
You feel mighty!
The kobold shouts!
The orc shouts! x2; You hear a shout! x3
You hear an angry hiss.
You hear a shout!
The jackal bites you but does no damage.
The orc barely misses you.
Jessica the Apprentice Sorceress comes into view.
She is wielding a +0 club.
You whack the jackal!
You kill the jackal!
Trog accepts your kill.
You whack the orc!
You kill the orc!
Trog accepts your kill.
You whack the orc!
You kill the orc!
Trog accepts your kill. The orc wizard casts a spell at you.
You resist with significant effort.
A kobold comes into view. It is wielding a +0 short sword.
You have reached level 3!
Your experience leads to an increase in your attributes!
Increase (S)trength, (I)ntelligence, or (D)exterity?
Uppercase letters only, please.
You feel stronger. x2
You hit the orc wizard.
The orc wizard is lightly wounded.
The orc wizard points at you and mumbles some strange words.
The puff of flame hits you! The kobold hits you with a +0 club.
You barely miss Jessica. You closely miss the orc wizard.
The orc wizard is lightly wounded.
The orc wizard gestures at you while chanting.
The puff of flame hits you!
You die...

#........
.........
.K.......
...).....
#o@@#
...K.....
.........
.....#.##
.....#.#


You could see an orc wizard, Jessica and 2 kobolds.

Vanquished Creatures
  A worm (D:2)
  A dart slug (D:1)
  2 orcs (D:3)
  An endoplasm (D:2)
  A goblin (D:1)
  A hobgoblin (D:1)
  2 jackals
  2 kobolds
  A rat (D:2)
12 creatures vanquished.

Notes
Turn   | Place    | Note
-------+----------+-------------------------------------------
     0 | D:1      | Xaerxx the Kobold Berserker began the quest for the Orb.
     0 | D:1      | Reached XP level 1. HP: 14/14 MP: 1/1
   127 | D:1      | Reached XP level 2. HP: 19/19 MP: 2/2
   143 | D:1      | You fall into a shaft and drop 1 floor!
   300 | D:2      | Noticed Sigmund
   313 | D:3      | Noticed Jessica
   317 | D:3      | Reached XP level 3. HP: 22/23 MP: 3/3
   319 | D:3      | Killed from afar by an orc wizard

Illustrated notes

Levels and vault maps discovered:
D:1:      saegor_arrival_simple_d, layout_loops_ring, nicolae_figureground_pulse
D:2:      layout_basic, uniq_terence, uniq_sigmund
D:3:      layout_loops_cross, mainiacjoe_overflow_concentric_impassable,
          grunt_qazlal_sundering, okawaru_altar_gauntlet_db, serial_shops,
          nicolae_shop_waterfront, shop, uniq_jessica, uniq_natasha

Action                     || total
---------------------------++-------
  Melee: Short sword       ||    28
         Whip              ||    17
 Invoke: Berserk           ||     4
   Stab: Sleeping          ||     1
 Armour: Animal skin       ||    10
  Dodge: Dodged            ||    48
